 Dungeon Crawl Stone Soup version 0.29.1-2-gbd0b4ee654 (webtiles) character file.

Game seed: 6480936058951059459

104 funnyparkerb the Gusty (level 4, -1/24 HPs)
             Began as a Tengu Air Elementalist on Nov 16, 2022.
             Was a Follower of Vehumet.
             Slain by a black bear (6 damage)
             ... on level 4 of the Dungeon.
             The game lasted 00:05:20 (3850 turns).

funnyparkerb the Gusty (Tengu Air Elementalist)     Turns: 3850, Time: 00:05:21

Health: -1/24      AC:  2    Str:  8    XL:     4   Next: 80%
Magic:  2/9        EV: 12    Int: 18    God:    Vehumet [*.....]
Gold:   162        SH:  0    Dex: 14    Spells: 3/9 levels left

rFire   . . .      SeeInvis .   f - +3 short sword
rCold   . . .      Faith    +   (no shield)
rNeg    . . .      Spirit   .   a - +0 robe
rPois   .          Reflect  .   (helmet restricted)
rElec   .          Harm     .   (no cloak)
rCorr   .          Rampage  .   (no gloves)
Will    .....                   (boots unavailable)
Stlth   ++........              n - amulet of faith
HPRegen 0.08/turn               (no ring)
MPRegen 0.11/turn               (no ring)

@: no status effects
A: beak, talons 3
a: Renounce Religion


You were on level 4 of the Dungeon.
You worshipped Vehumet.
Vehumet was aware of your devotion.
You visited 1 branch of the dungeon, and saw 4 of its levels.

You collected 162 gold pieces.

Inventory:

Hand Weapons
 f - a +3 short sword (weapon)
Armour
 a - a +0 robe (worn)
Jewellery
 n - an amulet of faith (around neck)
 r - an amulet of the acrobat
 s - an amulet of guardian spirit
Wands
 g - a wand of charming (8)
 k - a wand of flame (17)
Scrolls
 c - a scroll of identify {unknown}
 d - a scroll of magic mapping {unknown}
 h - a scroll of vulnerability {unknown}
 m - a scroll of amnesia {unknown}
 o - a scroll of butterflies {unknown}
 q - a scroll of enchant armour {unknown}
 t - a scroll of teleportation {unknown}
Potions
 b - 2 potions of magic
 e - a potion of mutation {unknown}
 i - a potion of brilliance {unknown}
 j - a potion of haste {unknown}
 l - 3 potions of curing {unknown}
 p - a potion of invisibility {unknown}


   Skills:
 - Level 2.1 Dodging
 - Level 2.0 Stealth
 + Level 3.0 Spellcasting
 + Level 3.5 Conjurations
 + Level 5.2 Air Magic


You had 3 spell levels left.
You knew the following spells:

 Your Spells              Type           Power      Damage    Failure   Level
a - Shock                 Conj/Air       72%        1d7       2%          1
b - Static Discharge      Conj/Air       18%        3-6/arc   4%          2
c - Swiftness             Air            21%        N/A       5%          3

Your spell library contained the following spells:

 Spells                   Type           Power      Damage    Failure   Level
 Sandblast                Erth           4%         2d4       16%         1
 Foxfire                  Conj/Fire      36%        2x1d5     8%          1
 Conjure Flame            Conj/Fire      9%         6-21      24%         3
 Gell's Gravitas          Tloc           2%         N/A       43%         3
 Inner Flame              Hex/Fire       2%         N/A       43%         3
 Teleport Other           Tloc           2%         N/A       43%         3
 Airstrike                Air            10%        2d(2-18)  19%         4
 Flame Wave               Conj/Fire      9%         2d6       61%         4
 Dispersal                Tloc           1%         N/A       100%        6


Dungeon Overview and Level Annotations

Branches:
Dungeon (4/15)
 Temple: D:4-7

Altars:
Vehumet
Xom

Shops:
D:3 :(**   D:4 :


Innate Abilities, Weirdness & Mutations

You have a beak for a mouth.
You have claws for feet.


Message History

Magic restored.
Things that are here:
a +0 dagger; an orc corpse
There is a stone staircase leading down here.
You start resting.
HP restored.
You climb downwards.
Found a scroll labelled DICIRAU YSHRI.
There is a stone staircase leading up here.
Casting: Shock (safe; 2% risk of failure)
Confirm with . or Enter, or press ? or * to list all spells.
Okay, then.
The zap hits the black bear.
The black bear is lightly wounded.
The zap hits the black bear.
The black bear is lightly wounded.
Casting: Shock (safe; 2% risk of failure)
Confirm with . or Enter, or press ? or * to list all spells.
You can't see any susceptible monsters within range! (Use Z to cast anyway.)
The zap hits the black bear!
The black bear is heavily wounded.
Casting: Shock (safe; 2% risk of failure)
Confirm with . or Enter, or press ? or * to list all spells.
The black bear is struck by an arc of lightning.
The black bear is heavily wounded.
You are struck by an arc of lightning.
The black bear is struck by an arc of lightning.
The black bear is severely wounded.
You are struck by an arc of lightning.
The lightning grounds out.
The black bear goes berserk!
Casting: Static Discharge (safe; 4% risk of failure)
Confirm with . or Enter, or press ? or * to list all spells.
The black bear is struck by an arc of lightning.
The black bear is almost dead.
You are struck by an arc of lightning.
The lightning grounds out.
The black bear bites you!
* * * LOW HITPOINT WARNING * * *
The black bear barely misses you. The black bear completely misses you.
The black bear closely misses you. The black bear claws you.
You die...

...... ##
..... ##.
....
..#...
#....
#...#
#...#
#.@.#
#.h......#
#....##..#
....## #
.?....
........
#........
#.........


You could see a black bear (berserk).

Vanquished Creatures
  3 adders
  A worm (D:2)
  3 dart slugs
  2 orcs (D:3)
  4 bats
  8 endoplasms
  2 giant cockroaches
  7 goblins
  4 hobgoblins
  3 jackals (D:1)
  A quokka (D:2)
  4 ball pythons
  8 frilled lizards
  9 kobolds
  7 rats
66 creatures vanquished.

Vanquished Creatures (others)
  11 plants (D:1)
11 creatures vanquished.

Grand Total: 77 creatures vanquished

Notes
Turn   | Place    | Note
-------+----------+-------------------------------------------
     0 | D:1      | funnyparkerb the Tengu Air Elementalist began the quest for
                  | the Orb.
     0 | D:1      | Reached XP level 1. HP: 10/10 MP: 4/4
   620 | D:1      | Reached XP level 2. HP: 15/15 MP: 0/6
   712 | D:1      | Learned a level 2 spell: Static Discharge
  1028 | D:1      | Reached XP level 3. HP: 19/19 MP: 5/7
  1989 | D:2      | Learned a level 3 spell: Swiftness
  2066 | D:2      | Found a radiant altar of Vehumet.
  2072 | D:2      | Reached XP level 4. HP: 24/24 MP: 7/9
  2076 | D:2      | Became a worshipper of Vehumet
  2133 | D:2      | Found a faded altar of an unknown god.
  2341 | D:2      | Reached skill level 5 in Air Magic
  2911 | D:3      | Found a shimmering altar of Xom.
  2951 | D:3      | Found Konwu's Assorted Antiques.
  3079 | D:3      | Found Anwogim's General Store.
  3183 | D:3      | Found Raugudd's Weapon Shop.
  3231 | D:3      | Found Kodomuer's Book Emporium.
  3552 | D:3      | Reached * piety under Vehumet
  3552 | D:3      | Offered knowledge of Sandblast by Vehumet.
  3725 | D:4      | Noticed a lemure
  3725 | D:4      | Noticed a lemure
  3725 | D:4      | Found Woburphi's Book Boutique.
  3845 | D:4      | Noticed a black bear
  3850 | D:4      | Slain by a black bear

Illustrated notes

Levels and vault maps discovered:
D:1:      dpeg_arrival_houses_and_road, layout_basic, moated_statue,
          skrybe_limestone_x, kennysheep_nondescript, palyth_stone_intersect,
          lexackson_kobold_supper
D:2:      layout_basic, basic_altar, ebering_ecumenical_altar_webs,
          chequers_mini_garden
D:3:      layout_basic, mainiacjoe_overflow_catwalk, serial_shops,
          nicolae_shop_trees, nicolae_square_shop, nicolae_shop_hallway_plus,
          nicolae_shop_advertising_works [nicolae_subvault_shop_adworks],
          hex_medium, hangedman_decor_peaks_small
D:4:      layout_cave_pools, mainiacjoe_overflow_small_starburst, serial_shops,
          nicolae_stop_n_shop_2, uniq_pikel, uniq_menkaure, uniq_edmund

Skill      XL: |  1  2  3  4 |
---------------+-------------+-----
Conjurations   | 2 3 |  3.5
Air Magic      | 5 |  5.2
Spellcasting   | 3 |  3.0
Dodging        | |  2.1
Stealth        | |  2.0

Action                   |  1- 3 |  4- 6 || total
-------------------------+-------+-------++-------
Melee: Unarmed           |    11 |       ||    11
       Kick              |     3 |       ||     3
       Punch             |     1 |       ||     1
 Cast: Shock             |    80 |    46 ||   126
       Static Discharge  |     1 |     2 ||     3
Armor: Robe              |     1 |       ||     1
Dodge: Dodged            |    18 |     6 ||    24
